 Dungeon Crawl Stone Soup version 0.20.0-10-g0535bb4 (webtiles) character file.

30266 kuniqs the Protected (level 13, -1/83 HPs)
             Began as a Gargoyle Fighter on June 7, 2017.
             Was an Elder of Ru.
             Slain by Snorg (18 damage)
             ... on level 5 of the Lair of Beasts.
             The game lasted 00:26:36 (17022 turns).

kuniqs the Protected (Gargoyle Fighter)            Turns: 17022, Time: 00:26:37

Health: -1/83      AC: 33    Str: 24    XL:     13   Next: 50%
Magic:  13/13      EV: 11    Int: 10    God:    Ru [****..]
Gold:   971        SH:  0    Dex:  9    Spells: 12/12 levels left

rFire    + . .     SeeInvis .   I - +4 dire flail (holy)
rCold    . . .     Gourm    .   (shield currently unavailable)
rNeg     + . .     Faith    .   N - +1 chain mail {MR+}
rPois    ∞         Spirit   .   O - +1 helmet
rElec    +         Reflect  .   B - +0 cloak
rCorr    .         Harm     .   G - +1 pair of gloves of Articulation {+Fly}
MR       +....                  u - +0 pair of boots
Stlth    ..........             (no amulet)
Regen    0.3/turn               m - ring of protection from fire
MPRegen  0.2/turn               j - +3 ring of protection

@: no status effects
A: negative energy resistance 1, electricity resistance, unbreathing,
petrification resistance, rot immunity, hated by all, no hexes magic, no ice
magic, no translocations magic, unskilled 1, AC +9
a: Draw Out Power, Power Leap, Renounce Religion, Evoke Flight


You were on level 5 of the Lair of Beasts.
You worshipped Ru.
Ru was greatly pleased with you.
You were not hungry.

You visited 3 branches of the dungeon, and saw 19 of its levels.
You also visited: Sewer.

You collected 1169 gold pieces.
You spent 198 gold pieces at shops.

Inventory:

Hand Weapons
 a - a +0 flail
 I - a +4 dire flail of holy wrath (weapon)
Armour
 b - +0 fire dragon scales
 c - a +0 shield
 u - a +0 pair of boots (worn)
 B - a +0 cloak (worn)
 G - the +1 pair of gloves of Articulation (worn) {+Fly}
   (You found it on level 6 of the Dungeon)

   It lets you fly.
 N - a +1 chain mail of magic resistance (worn)
 O - a +1 helmet (worn)
Jewellery
 j - a +3 ring of protection (right hand)
 m - a ring of protection from fire (left hand)
 K - an uncursed ring of resist corrosion
Wands
 C - a wand of enslavement (5/24)
 H - a wand of digging (9/24)
 J - a wand of digging (24/24)
 Q - a wand of lightning (6/15)
 R - a wand of acid (8/15)
Scrolls
 h - 2 scrolls of enchant weapon
 i - 2 scrolls of identify {@r1}
 q - 2 scrolls of fear
 r - 5 scrolls of recharging
 s - 2 scrolls of magic mapping
 x - 8 scrolls of remove curse {@r2}
 y - 4 scrolls of teleportation
 A - 3 scrolls of blinking
 L - a scroll of fog
 M - 2 scrolls of enchant armour
Potions
 l - 4 potions of might
 n - 2 potions of ambrosia
 p - 7 potions of curing {@q1}
 v - 2 potions of haste
 D - 2 potions of mutation
 E - 3 potions of flight
 S - 2 potions of resistance
 T - a potion of agility
Comestibles
 d - 13 bread rations
 e - 7 meat rations
 f - 18 fruits
 o - 7 royal jellies


   Skills:
 + Level 10.5 Fighting
 + Level 9.7 Maces & Flails
 + Level 10.8 Armour
 + Level 7.7 Dodging
 + Level 10.7 Shields


You had 12 spell levels left.
You didn't know any spells.

Dungeon Overview and Level Annotations

Branches:
Dungeon (12/15)            Temple (1/1) D:5            Lair (6/6) D:10
 Shoals (0/4) Lair:3       Spider (0/4) Lair:2        Slime (0/5) Lair:5
    Orc (0/2) D:10

Altars:
Ashenzari
Cheibriados
Dithmenos
Elyvilon
Fedhas
Gozag
Hepliaklqana
Kikubaaqudgha
Makhleb
Nemelex Xobeh
Okawaru
Qazlal
Ru
Sif Muna
Trog
Uskayaw
Vehumet
Xom
Yredelemnul
Zin
The Shining One
Jiyva
Lugonu

Shops:
D:8 }   D:9 [

Annotations:
D:4 DogShitOnMyToe's ghost, amateur TrTm
Lair:5 exclusion: oklob plant, Snorg


Innate Abilities, Weirdness & Mutations

You are resistant to torment.
Your stone body is resilient. (AC +9)
You are immune to poison.
You resist negative energy. (rN+)
You are resistant to electric shocks. (rElec)
You can survive without breathing.
You are immune to petrification.
You are immune to rotting.
You are hated by all.
You cannot study or cast Hexes magic.
You cannot study or cast Ice magic.
You cannot study or cast Translocations magic.
You are somewhat unskilled. (-1 Apt)


Message History

You are too injured to fight recklessly!
You are too injured to fight recklessly!
You are too injured to fight recklessly!
You hit Snorg.
Snorg is heavily wounded.
Snorg stops glowing.
Snorg bites you!
You focus your will and blind Snorg in retribution!
Snorg barely misses you. x2
You barely miss Snorg.
Snorg is heavily wounded.
Snorg bites you!
* * * LOW HITPOINT WARNING * * *
You focus your will and blind Snorg in retribution!
Snorg closely misses you. Snorg claws you but does no damage.
Snorg barely misses you. Snorg closely misses you. Snorg barely misses you.
Snorg rages.
Snorg barely misses you. Snorg claws you but does no damage.
Snorg closely misses you. Snorg bites you!!
You die...

..#.....#........................
.#.............<#...#............
.#.....#.#P.P......#.#.##........
.#...♣.#.##..........P..#........
##.#......##P...._>...........P.#
##.....#..###.................P#.
.##......#.......P......#........
#...#..#.........#.#P...#.....#..
.##.....###.###T@..#####.......#P
.#...#....#.♣..##.#.#.#........##
.(((.....#.....#............(.###
.'...♣...+..>.♣#..............P##
.#.............#...............#.
##..###..##.♣.#..................
###......##.###..................
...##.###........................
.##.....##......†................


You could see Snorg (berserk).

Vanquished Creatures
  Josephine (D:11)
  4 hydras
  Erica (D:8)
  3 two-headed ogres
  Urug (D:10)
  Sonja (Lair:2)
  An unseen horror (D:8)
  Pikel (D:8)
  Maurice (D:10)
  Joseph (D:10)
  3 black mambas
  A gargoyle (D:11)
  6 spiny frogs
  2 rime drakes
  2 komodo dragons
  2 hornets
  13 blink frogs
  7 hippogriffs
  Prince Ribbit (Lair:2)
  A redback (Lair:2)
  3 wraiths (D:11)
  A human (D:7)
  21 yaks
  A wyvern (D:10)
  4 hogs (D:7)
  A hungry ghost (D:8)
  2 basilisks
  Menkaure (D:6)
  Edmund (D:6)
  5 wargs
  14 water moccasins
  5 porcupines
  4 orc warriors
  4 phantoms
  Purgy (Sewer)
  An ice beast (D:8)
  4 slaves (D:8)
  6 sky beasts
  2 black bears
  2 wolves
  3 ogres
  4 centaurs
  8 crocodiles
  A big kobold (D:11)
  10 bullfrogs
  3 scorpions
  3 killer bees (D:8)
  2 electric eels
  A bullfrog zombie (D:5)
  5 howler monkeys
  3 crimson imps
  A centaur zombie (D:10)
  5 hounds
  7 orc priests
  A jelly (D:6)
  5 orc wizards
  3 bullfrog skeletons
  A centaur skeleton (D:8)
  Jessica (D:3)
  An iguana (D:5)
  4 hell rats (Lair:3)
  Ijyb (D:3)
  5 worker ants
  A statue (D:6)
  A hound skeleton (D:8)
  A howler monkey zombie (D:8)
  A worker ant zombie (D:5)
  Robin (D:2)
  7 gnolls
  9 adders
  A shadow imp (D:8)
  3 oozes
  2 adder skeletons
  5 worms
  9 dart slugs
  6 leopard geckos
  20 orcs
  14 bats
  8 giant cockroaches
  7 goblins
  10 hobgoblins
  4 jackals
  2 quokkas
  6 frilled lizards
  A jackal zombie (D:9)
  7 kobolds
  A quokka skeleton (D:5)
  13 rats
354 creatures vanquished.

Vanquished Creatures (others)
  Nessos (Lair:5)
  2 yaks (Lair:5)
  A wolf (Lair:1)
  A worker ant (D:7)
  A fungus (Lair:3)
  A plant (Lair:5)
7 creatures vanquished.

Grand Total: 361 creatures vanquished

Notes
Turn   | Place    | Note
-------+----------+-------------------------------------------
     0 | D:1      | kuniqs the Gargoyle Fighter began the quest for the Orb.
     0 | D:1      | Reached XP level 1. HP: 14/14 MP: 1/1
   127 | D:1      | Reached XP level 2. HP: 18/19 MP: 0/2
  1085 | D:2      | Reached XP level 3. HP: 23/23 MP: 3/3
  1381 | D:2      | Reached XP level 4. HP: 25/28 MP: 4/4
  1605 | D:2      | Noticed Robin
  1644 | D:2      | Killed Robin
  1644 | D:2      | Reached skill level 1 in Dodging
  2141 | D:3      | Found a hazy altar of Hepliaklqana.
  2236 | D:3      | Reached XP level 5. HP: 30/33 MP: 5/5
  2265 | D:3      | Noticed Jessica
  2278 | D:3      | Killed Jessica
  2426 | D:3      | Found a glowing drain.
  2428 | D:3      | Found a snail-covered altar of Cheibriados.
  2441 | Sewer    | Entered a sewer
  2491 | Sewer    | Noticed Purgy
  2512 | Sewer    | Killed Purgy
  2512 | Sewer    | Reached XP level 6. HP: 24/38 MP: 4/6
  2649 | D:3      | Noticed Ijyb
  2865 | D:3      | Killed Ijyb
  3520 | D:4      | Reached XP level 7. HP: 21/44 MP: 3/7
  3829 | D:4      | Reached skill level 5 in Armour
  3864 | D:4      | Reached skill level 5 in Shields
  4333 | D:4      | Found a shattered altar of Ashenzari.
  4333 | D:4      | Found a basalt altar of Yredelemnul.
  4621 | D:4      | Noticed DogShitOnMyToe's ghost (amateur TrTm)
  4652 | D:5      | Entered Level 5 of the Dungeon
  4664 | D:5      | Reached skill level 5 in Fighting
  5065 | D:5      | Found a staircase to the Ecumenical Temple.
  5085 | Temple   | Entered the Ecumenical Temple
  5155 | D:5      | Noticed a moth of wrath
  5158 | D:5      | Found a bloodstained altar of Trog.
  5456 | D:5      | Found a deep blue altar of Sif Muna.
  5497 | D:5      | Reached XP level 8. HP: 30/49 MP: 5/8
  5787 | D:6      | Noticed Menkaure
  5794 | D:6      | Killed Menkaure
  5852 | D:6      | Identified the +1 pair of gloves of Articulation {+Fly} (You found it on level 6 of the Dungeon)
  5937 | D:6      | Found a sacrificial altar of Ru.
  5948 | D:6      | Became a worshipper of Ru the Awakened
  5953 | D:6      | Noticed Edmund
  5967 | D:6      | Killed Edmund
  5967 | D:6      | Reached skill level 5 in Maces & Flails
  6091 | D:6      | Found a radiant altar of Vehumet.
  6241 | D:6      | Found an opulent altar of Gozag.
  6566 | D:7      | Reached XP level 9. HP: 55/55 MP: 9/9
  6656 | D:7      | Found a shimmering altar of Xom.
  6922 | D:7      | Gained mutation: You are hated by all. [Ru sacrifice]
  6922 | D:7      | Reached * piety under Ru
  7363 | D:8      | Found Doanugiami's Gadget Boutique.
  7524 | D:8      | Found a glowing golden altar of the Shining One.
  7555 | D:8      | Killed an unseen horror
  7555 | D:8      | Reached skill level 5 in Dodging
  7555 | D:8      | Reached XP level 10. HP: 63/63 MP: 10/10
  7785 | D:8      | Found a blossoming altar of Fedhas.
  7861 | D:8      | Found a burning altar of Makhleb.
  7873 | D:8      | Noticed Erica
  7888 | D:8      | Killed Erica
  7891 | D:8      | Noticed Pikel
  7902 | D:8      | Killed Pikel
  8031 | D:8      | Found an iron altar of Okawaru.
  8428 | D:9      | Found Yfyoxuecs's Armour Boutique.
  8435 | D:9      | Bought a +1 chain mail of magic resistance for 198 gold pieces
  8666 | D:9      | Found a white marble altar of Elyvilon.
  8684 | D:9      | Gained mutation: You cannot study or cast Ice magic. [Ru sacrifice]
  8684 | D:9      | Gained mutation: You cannot study or cast Hexes magic. [Ru sacrifice]
  8684 | D:9      | Gained mutation: You cannot study or cast Translocations magic. [Ru sacrifice]
  8684 | D:9      | Reached ** piety under Ru
  8737 | D:9      | Noticed a two-headed ogre
  8743 | D:9      | Killed a two-headed ogre
  8795 | D:9      | Reached XP level 11. HP: 67/69 MP: 11/11
  9233 | D:10     | Entered Level 10 of the Dungeon
  9282 | D:10     | Found a staircase to the Lair.
  9682 | D:10     | Noticed Urug
  9871 | D:10     | Killed Urug
 10129 | D:10     | Noticed Joseph
 10155 | D:10     | Killed Joseph
 10430 | D:10     | Found a staircase to the Orcish Mines.
 10569 | D:10     | Noticed Maurice
 10577 | D:10     | Killed Maurice
 10974 | D:11     | Noticed a two-headed ogre
 10975 | D:11     | Noticed Josephine
 10994 | D:11     | Killed a two-headed ogre
 11007 | D:11     | Killed Josephine
 11319 | D:11     | Noticed a two-headed ogre
 11323 | D:11     | Killed a two-headed ogre
 11438 | D:11     | Reached skill level 10 in Armour
 11502 | D:11     | Reached XP level 12. HP: 77/77 MP: 12/12
 11545 | D:11     | Reached skill level 10 in Shields
 11550 | D:11     | Found a shattered altar of Ashenzari.
 11552 | D:11     | Noticed a four-headed hydra
 11561 | D:11     | Killed a four-headed hydra
 11710 | D:11     | Gained mutation: You are somewhat unskilled. (-1 Apt) [Ru sacrifice]
 11710 | D:11     | Reached *** piety under Ru
 11710 | D:11     | Reached **** piety under Ru
 12142 | Lair:1   | Entered Level 1 of the Lair of Beasts
 13195 | Lair:2   | Noticed Sonja
 13491 | Lair:2   | Killed Sonja
 13491 | Lair:2   | Reached skill level 10 in Armour
 13491 | Lair:2   | Reached skill level 10 in Shields
 13738 | Lair:2   | Found a hole to the Spider Nest.
 13809 | Lair:2   | You fall through a shaft!
 14059 | Lair:2   | Noticed Prince Ribbit
 14100 | Lair:2   | Noticed a five-headed hydra
 14110 | Lair:2   | Killed a five-headed hydra
 14110 | Lair:2   | Reached XP level 13. HP: 66/82 MP: 13/13
 14241 | Lair:2   | Killed Prince Ribbit
 14558 | Lair:3   | Reached skill level 10 in Fighting
 14757 | Lair:3   | Found a staircase to the Shoals.
 15926 | Lair:5   | Found a viscous altar of Jiyva.
 15926 | Lair:5   | Found a staircase to the Slime Pits.
 15998 | Lair:5   | Noticed Nessos
 16043 | Lair:5   | Killed Nessos
 16199 | Lair:5   | Identified the +3 scale mail of Negligence {-Tele MR+ Int+4} (You found it on level 5 of the Lair of Beasts)
 16992 | Lair:6   | Entered Level 6 of the Lair of Beasts
 17006 | Lair:6   | Noticed Snorg
 17022 | Lair:5   | Slain by Snorg

Skill      XL: |  1  2  3  4  5  6  7  8  9 10 11 12 13 |
---------------+----------------------------------------+-----
Shields        | 4 5 6 7 8 9 10 | 10.7
Dodging        | 1 2 3 5 7 7 |  7.7
Armour         | 4 5 6 7 8 10 10 | 10.8
Fighting       | 4 5 6 7 8 9 10 | 10.5
Maces & Flails | 3 4 5 6 7 8 9 |  9.7

Action                   |  1- 3 |  4- 6 |  7- 9 | 10-12 | 13-15 || total
-------------------------+-------+-------+-------+-------+-------++-------
Melee: Flail             |    94 |   366 |   267 |       |       ||   727
       Dire flail        |       |       |   197 |   821 |   255 ||  1273
Invok: Sacrifice Love    |       |       |     1 |       |       ||     1
       Sacrifice Arcana  |       |       |       |     1 |       ||     1
       Sacrifice Skill   |       |       |       |     1 |       ||     1
       Reject Sacrifices |       |       |       |     1 |       ||     1
  Use: Scroll            |       |       |     2 |     2 |    20 ||    24
       Potion            |       |       |       |     1 |     4 ||     5
 Stab: Invisible         |       |       |       |     4 |     1 ||     5
       Distracted        |       |       |       |     2 |     1 ||     3
       Paralysed         |       |       |       |       |     1 ||     1
  Eat: Chunk             |     2 |     7 |    15 |    20 |     9 ||    53
       Royal jelly       |       |       |     1 |     1 |       ||     2
Armor: Scale mail        |    56 |    91 |       |       |       ||   147
       Plate armour      |       |   222 |   291 |    85 |       ||   598
       Chain mail        |       |       |       |   486 |   175 ||   661
Dodge: Dodged            |    36 |   142 |   114 |   418 |   126 ||   836
Block: Shield            |    55 |   239 |   143 |       |       ||   437
